 Dungeon Crawl Stone Soup version 0.20-a0-1062-g7b787ac (webtiles) character file.

86 bzaaaaa the Magician (level 4, -6/24 HPs)
             Began as a Deep Elf Earth Elementalist on Apr 28, 2017.
             Mangled by a gnoll
             ... wielding a +0 halberd
              (15 damage)
             ... on level 2 of the Dungeon on Dec 3, 2017.
             The game lasted 00:11:48 (978 turns).

bzaaaaa the Magician (Deep Elf Earth Elementalist)   Turns: 978, Time: 00:12:08

Health: -6/24      AC:  1    Str:  5    XL:     4   Next: 27%
Magic:  1/13       EV: 18    Int: 21    God:
Gold:   61         SH:  0    Dex: 20    Spells: 9/13 levels left

rFire    . . .     SeeInvis .   (no weapon)
rCold    . . .     Gourm    .   (no shield)
rNeg     . . .     Faith    .   c - +0 robe
rPois    .         Spirit   .   (no helmet)
rElec    .         Reflect  .   (no cloak)
rCorr    .         Harm     .   (no gloves)
MR       .....                  g - -2 pair of boots (curse)
Stlth    +++.......             (no amulet)
Regen    0.1/turn               (no ring)
MPRegen  0.2/turn               (no ring)

@: agile
A: no striking features
a: no special abilities


You were on level 2 of the Dungeon.
You were not hungry.

You visited 1 branch of the dungeon, and saw 2 of its levels.

You collected 61 gold pieces.

Inventory:

Hand Weapons
 a - a +0 club
Missiles
 b - 21 stones (quivered)
Armour
 c - a +0 robe (worn)
 g - a cursed -2 pair of boots (worn)
Jewellery
 n - an uncursed ring of magical power {unknown}
 v - a cursed -2 ring of strength {unknown}
Scrolls
 i - 2 scrolls of recharging {unknown}
 l - 2 scrolls of identify {unknown}
 p - a scroll of magic mapping {unknown}
 s - a scroll of amnesia {unknown}
 w - a scroll of enchant armour {unknown}
Potions
 h - a potion of agility
 j - a potion of flight {unknown}
 k - a potion of might {unknown}
 m - a potion of curing {unknown}
 o - a potion of heal wounds {unknown}
 q - a potion of berserk rage {unknown}
 u - a potion of lignification {unknown}
 x - a potion of ambrosia {unknown}
 z - a potion of brilliance {unknown}
Books
 e - a book of Geomancy

   Spells                             Type                      Level
   a - Sandblast                      Earth                        1
   b - Passwall                       Transmutation/Earth          2
   c - Stone Arrow                    Conjuration/Earth            3
   d - Petrify                        Transmutation/Earth          4
   e - Lee's Rapid Deconstruction     Earth                        5
 t - a book of Cantrips

   Spells                             Type                      Level
   a - Confusing Touch                Hexes                        1
   b - Animate Skeleton               Necromancy                   1
   c - Summon Small Mammal            Summoning                    1
   d - Apportation                    Translocation                1
Comestibles
 d - a bread ration
 f - 4 chunks of flesh
 r - 2 royal jellies


   Skills:
 - Level 2.4 Dodging
 - Level 2.4 Stealth
 + Level 5.0 Spellcasting
   Level 1.1 Transmutations
 + Level 4.4 Earth Magic


You had 9 spell levels left.
You knew the following spells:

 Your Spells              Type           Power        Failure   Level  Hunger
a - Sandblast             Erth           ###...       1%          1    None
b - Stone Arrow           Conj/Erth      ##....       13%         3    ##.....


Dungeon Overview and Level Annotations

Branches:
Dungeon (2/15)

Altars:
Fedhas


Message History

Confirm with . or Enter, or press ? or * to list all spells.
Aiming: Sandblast
Press: ? - help, Shift-Dir - straight line, f/p - gnoll
Aim: a gnoll, wielding a flail (heavily wounded)
The blast of sand hits the gnoll.
The gnoll is almost dead.
b - 22 stones The gnoll completely misses you.
Casting: Sandblast
Confirm with . or Enter, or press ? or * to list all spells.
Aiming: Sandblast
Press: ? - help, Shift-Dir - straight line, f/p - gnoll
Aim: a gnoll, wielding a flail (almost dead)
The blast of sand hits the gnoll.
You kill the gnoll!
Your Spellcasting skill increases to level 5!
b - 21 stones The gnoll hits you from afar with a halberd!
Ouch! That really hurt!
You die...

##.......##
#..#
#.........#
....
+.........+
##.#
#.........#
##..[..(.##
##.....##
##.g.##
##)## #@#
#?# ...
.....
#......
##...###
#..## #.##


You could see a gnoll.

Vanquished Creatures
  An adder (D:2)
  3 gnolls (D:2)
  An ooze (D:2)
  2 worms (D:2)
  A dart slug (D:2)
  2 giant cockroaches (D:2)
  4 goblins
  7 hobgoblins
  A quokka (D:2)
  6 bats
  A frilled lizard (D:1)
  3 kobolds (D:1)
  7 rats
39 creatures vanquished.

Notes
Turn   | Place    | Note
-------+----------+-------------------------------------------
     0 | D:1      | bzaaaaa the Deep Elf Earth Elementalist began the quest for the Orb.
     0 | D:1      | Reached XP level 1. HP: 10/10 MP: 6/6
   244 | D:1      | Reached XP level 2. HP: 12/15 MP: 0/8
   555 | D:2      | Reached XP level 3. HP: 17/19 MP: 6/10
   560 | D:2      | Learned a level 3 spell: Stone Arrow
   588 | D:2      | Found a blossoming altar of Fedhas.
   598 | D:2      | Reached skill level 4 in Spellcasting
   904 | D:2      | Reached XP level 4. HP: 24/24 MP: 0/12
   978 | D:2      | Reached skill level 5 in Spellcasting
   978 | D:2      | Mangled by a gnoll

Vault maps used:
D:1:      lemuel_arrival_tunnels, kennysheep_decorative_pillar
D:2:      fedhas_altar_3, minmay_tree_intersection

Skill      XL: |  1  2  3  4 |
---------------+-------------+-----
Earth Magic    | 4 |  4.4
Spellcasting   | 4 5 |  5.0
Dodging        | |  2.4
Stealth        | |  2.4
Transmutations | |  1.1

Action                   |  1- 3 |  4- 6 || total
-------------------------+-------+-------++-------
 Cast: Sandblast         |    52 |     9 ||    61
       Stone Arrow       |     1 |     1 ||     2
  Use: Potion            |       |     1 ||     1
Armor: Robe              |     1 |       ||     1
Dodge: Dodged            |    14 |    10 ||    24
